 Dungeon Crawl Stone Soup version 0.30-a0-341-g682706514a (webtiles) character file.

Game seed: 8524445947390007680

9531 KennySheep the Skirmisher (level 11, 0/85 HPs)
             Began as a Demigod Conjurer on Nov 1, 2022.
             Slain by an ice devil (15 damage)
             ... summoned by an orc high priest
             ... on level 1 of the Orcish Mines.
             The game lasted 00:37:35 (10849 turns).

KennySheep the Skirmisher (Demigod Conjurer)       Turns: 10849, Time: 00:37:36

Health: 0/85       AC: 13    Str: 17    XL:     11   Next: 4%
Magic:  21/25      EV: 12    Int: 34    God:
Gold:   40         SH:  0    Dex: 16    Spells: 12/24 levels left

rFire   . . .      SeeInvis .    a - +1 arbalest "Mutachy" {elec, *Slow +Blink rPois Str+3}
rCold   . . .      Faith    .    (shield currently unavailable)
rNeg    . . .      Spirit   .    U - +0 acid dragon scales
rPois   +          Reflect  .    E - +0 helmet
rElec   .          Harm     .    u - +1 cloak
rCorr   +          Rampage  .    J - +2 pair of gloves
Will    +....                    C - +0 pair of boots
Stlth   ++........               w - amulet of magic regeneration
HPRegen 0.34/turn                j - ring "Qyunueb" {Str+6 Int+6}
MPRegen 0.59/turn                (no ring)

@: spiked
A: high MP 1, forlorn, divine attributes
a: Evoke Blink


You were on level 1 of the Orcish Mines.
You visited 2 branches of the dungeon, and saw 13 of its levels.
You also visited: Bailey.

You collected 462 gold pieces.
You spent 422 gold pieces at shops.

Inventory:

Hand Weapons
 a - the +1 arbalest "Mutachy" (weapon) {elec, *Slow +Blink rPois Str+3}
   (You bought it in a shop on level 4 of the Dungeon)

   Any ammunition fired from it occasionally discharges a powerful burst of
   electricity upon striking a foe.
   Str:       It affects your strength (+3).
   rPois:     It protects you from poison.
   +Blink:    It lets you blink.
   *Slow:     It may slow you when you take damage.
 b - a +1 dagger of protection
Missiles
 D - a throwing net
Armour
 m - a +2 robe of resistance
 u - a +1 cloak (worn)
 C - a +0 pair of boots (worn)
 E - a +0 helmet (worn)
 J - a +2 pair of gloves (worn)
 O - +0 steam dragon scales
 U - +0 acid dragon scales (worn)
Jewellery
 j - the ring "Qyunueb" (left hand) {Str+6 Int+6}
   (You acquired it on level 8 of the Dungeon)

   [ring of strength]

   Str:       It affects your strength (+6).
   Int:       It affects your intelligence (+6).
 p - an amulet of guardian spirit
 w - an amulet of magic regeneration (around neck)
 F - a ring of see invisible
 M - the ring of Hefodd {Ice rN+ Str+3 Int+2}
   (You found it on level 8 of the Dungeon)

   [ring of ice]

   It enhances your ice magic.
   Str:       It affects your strength (+3).
   Int:       It affects your intelligence (+2).
   rF:        It makes you vulnerable to fire.
   rC:        It protects you from cold.
   rN:        It protects you from negative energy.
 S - the ring "Loheexet" {Ice Will- rCorr MP+9}
   (You found it on level 10 of the Dungeon)

   [ring of ice]

   It enhances your ice magic.
   rF:        It makes you vulnerable to fire.
   rC:        It protects you from cold.
   MP:        It affects your magic capacity (+9).
   rCorr:     It protects you from acid and corrosion.
   Will:      It decreases your willpower.
Wands
 B - a wand of flame (18)
 G - a wand of polymorph (11)
 I - a wand of iceblast (16)
 P - a wand of light (5)
Scrolls
 d - 5 scrolls of teleportation
 i - a scroll of poison
 k - a scroll of silence
 l - 2 scrolls of noise
 q - 2 scrolls of enchant armour
 r - 2 scrolls of fog
 t - 2 scrolls of immolation
 y - a scroll of brand weapon
 K - 2 scrolls of enchant weapon
 N - 2 scrolls of vulnerability
 T - a scroll of magic mapping
Potions
 c - a potion of ambrosia
 e - 2 potions of flight {unknown}
 f - a potion of lignification {unknown}
 g - a potion of brilliance
 h - 7 potions of curing
 o - 2 potions of magic
 v - a potion of heal wounds {unknown}
 x - a potion of mutation {unknown}
 z - a potion of resistance
 A - a potion of might
 H - 2 potions of attraction
 L - 2 potions of cancellation
 Q - 2 potions of degeneration {unknown}
 R - 3 potions of berserk rage {unknown}


   Skills:
 + Level 4.6 Fighting
 * Level 9.5 Ranged Weapons
 + Level 0.6 Armour
 * Level 2.2 Dodging
 - Level 1.7 Stealth
 + Level 7.2 Spellcasting
 - Level 5.1 Conjurations
 + Level 8.6 Translocations


You had 12 spell levels left.
You knew the following spells:

 Your Spells              Type           Power      Damage    Failure   Level
a - Dispersal             Tloc           31%        N/A       22%         6
b - Searing Ray           Conj           94%        2d7       1%          2
c - Iskenderun's Mystic   Conj/Tloc      56%        2d12      2%          4

Your spell library contained the following spells:

 Spells                   Type           Power      Damage    Failure   Level
 Magic Dart               Conj           100%       1d8       1%          1
 Manifold Assault         Tloc           63%        N/A       1%          4
 Dazzling Flash           Conj/Hex       58%        N/A       4%          3
 Fulminant Prism          Conj/Hex       14%        3d9       17%         4
 Disjunction              Tloc           31%        N/A       100%        8


Dungeon Overview and Level Annotations

Branches:
Dungeon (12/15)            Temple (0/1) D:7             Orc (1/2) D:10
 Bailey (visited)
   Lair: D:8-11

Shops:
D:3 (*   D:4 (   D:5 **   D:10 *

Annotations:
D:3 3 runed translucent doors, lunkers's ghost, novice MeFi
D:5 1 runed translucent door, Crazy Yiuf
D:6 3 runed translucent doors, drewk1942's ghost, novice GrIE; hikkokomori's ghost, novice DgEE; p00ps00p's ghost, novice HOFi


Innate Abilities, Weirdness & Mutations

You have an increased reservoir of magic. (+10% MP)
You shall have no god before yourself.
Your divine heritage dramatically boosts your attributes as you level up.


Message History

Aim: an orange demon (poison gas, almost dead, summoned, extremely poisoned, 73% to hit)
Okay, then.
Casting: Iskenderun's Mystic Blast (dangerous; 2% risk of failure)
Confirm with . or Enter, or press ? or * to list all spells.
You erupt in a blast of force!
The mystic blast hits the orange demon!
You kill the orange demon!
The orange demon disappears in a puff of smoke!
The mystic blast hits the red devil.
The red devil is almost dead.
The red devil is knocked back by the mystic blast.
The red devil slams into the rock wall!
You hear a shout! x2
Fire: a) +1 arbalest "Mutachy" {elec, *Slow +Blink rPois Str+3}
Press: ? - help, Q - select action, (/) - cycle Shift-Dir - straight line, f/p - orc high priest
Aim: an orc high priest, wielding a +0 trident and wearing a +0 leather armour (severely wounded, 56% to hit)
You shoot a bolt.
The bolt completely misses the orc sorcerer.
The bolt hits the orc high priest.
The orc high priest is severely wounded.
The red devil hits you from afar with a +2 trident of protection!
Barbed spikes become lodged in your body.
Fire: a) +1 arbalest "Mutachy" {elec, *Slow +Blink rPois Str+3}
Press: ? - help, Q - select action, (/) - cycle Shift-Dir - straight line, f/p - orc high priest
Aim: an orc high priest, wielding a +0 trident and wearing a +0 leather armour (severely wounded, 56% to hit)
You shoot a bolt. The bolt hits the orc sorcerer.
The orc sorcerer is heavily wounded.
The ice devil closely misses you.
The red devil hits you from afar with a +2 trident of protection.
Barbed spikes become lodged in your body.
The ice devil hits you but does no damage.
The orc sorcerer points at you and mumbles some strange words.
The bolt of fire hits you!
* * * LOW HITPOINT WARNING * * *
As you read the scroll of fear, it crumbles to dust.
You assume a fearsome visage.
The red devil looks frightened!
The ice devil resists with almost no effort.
The orc sorcerer looks frightened!
The ice devil hits you!
* * * LOW HITPOINT WARNING * * *
The ice devil freezes you!
You die...

......))#
###°°☼°.)4##
#§°§.oo...)#
##☼.§°#...)##.
#○○☼.##)..)#..
##§§§☼○##......
#°○.4## #.....#
#4☼§§○##....#..
#@##...........
#####......##..
#......#
##.....#
>.....#
...$....#
...##...# ...##
#...


You could see an orc high priest, an ice devil (summoned), an orc sorcerer
(fleeing) and a red devil (summoned, fleeing).

Vanquished Creatures
  An orc sorcerer (Orc:1)
  3 kobold demonologists
  2 trolls
  A meliai (D:12)
  A wraith (D:9)
  2 vampires (D:9)
  3 yaks (D:9)
  3 wyverns
  3 vampire mosquitoes (D:12)
  2 steam dragons (D:9)
  An acid dragon (D:10)
  3 water moccasins
  2 ice beasts
  14 orc warriors
  4 ogres
  A centaur (D:10)
  2 phantoms
  4 kobold brigands
  3 bullfrogs
  2 necrophages
  17 wights
  16 killer bees
  3 electric eels (Bailey)
  A howler monkey (D:5)
  5 hounds
  2 jellies (D:6)
  3 orc priests
  2 gnoll boudas (D:6)
  5 iguanas
  4 orc wizards
  9 adders
  13 gnolls
  A shadow imp (D:6)
  A white imp (D:7)
  An ufetubus (D:5)
  3 worms
  47 orcs
  7 endoplasms
  4 giant cockroaches
  9 hobgoblins
  10 kobolds
  A quokka (D:2)
  10 ball pythons
  3 bats
  5 frilled lizards
  18 goblins
  8 rats
265 creatures vanquished.

Vanquished Creatures (others)
  3 fungi (D:5)
  8 plants (D:5)
11 creatures vanquished.

Grand Total: 276 creatures vanquished

Notes
Turn   | Place    | Note
-------+----------+-------------------------------------------
     0 | D:1      | KennySheep the Demigod Conjurer began the quest for the
                  | Orb.
     0 | D:1      | Reached XP level 1. HP: 14/14 MP: 5/5
   366 | D:1      | Reached XP level 2. HP: 20/20 MP: 4/7
   369 | D:1      | Learned a level 2 spell: Searing Ray
   435 | D:1      | Reached skill level 1 in Translocations
  1484 | D:2      | Reached XP level 3. HP: 26/26 MP: 6/8
  2401 | D:3      | Reached XP level 4. HP: 33/33 MP: 2/10
  2406 | D:3      | Learned a level 4 spell: Iskenderun's Mystic Blast
  2526 | D:3      | Found Oziqao's Assorted Antiques.
  2551 | D:3      | Bought a scroll labelled YRHORYEDDO for 21 gold pieces
  2551 | D:3      | Bought an emerald potion for 18 gold pieces
  2551 | D:3      | Bought an amethyst potion for 18 gold pieces
  2611 | D:3      | Found a runed translucent gate.
  2611 | D:3      | Found a runed translucent gate.
  2613 | D:3      | Found a runed translucent gate.
  2627 | D:3      | Noticed lunkers's ghost (novice MeFi)
  2740 | D:3      | Found Keshufo's Antique Weapon Shop.
  3001 | D:4      | Noticed an ogre
  3008 | D:4      | Killed an ogre
  3009 | D:4      | Reached XP level 5. HP: 38/38 MP: 1/11
  3293 | D:4      | Found Ujixisto's Antique Weapon Boutique.
  3417 | D:4      | Reached skill level 5 in Conjurations
  3795 | D:5      | Entered Level 5 of the Dungeon
  3800 | D:5      | Reached XP level 6. HP: 45/45 MP: 7/13
  3899 | D:5      | Reached skill level 1 in Ranged Weapons
  3955 | D:5      | Noticed a water moccasin
  3962 | D:5      | Killed a water moccasin
  4248 | D:5      | Reached XP level 7. HP: 50/50 MP: 12/15
  4272 | D:5      | Reached skill level 2 in Ranged Weapons
  4395 | D:5      | Found Xiazxou's Assorted Antiques.
  4408 | D:5      | Found Joata's Assorted Antiques.
  4947 | D:5      | Found a runed translucent door.
  4948 | D:5      | Noticed Crazy Yiuf
  5237 | D:6      | Reached skill level 5 in Translocations
  5291 | D:4      | Bought a jewelled arbalest for 190 gold pieces
  5291 | D:4      | Identified the +1 arbalest "Mutachy" {elec, *Slow +Blink
                  | rPois Str+3} (You bought it in a shop on level 4 of the
                  | Dungeon)
  5477 | D:6      | Reached skill level 3 in Ranged Weapons
  5595 | D:6      | Reached XP level 8. HP: 57/57 MP: 12/17
  5726 | D:6      | Found a runed translucent gate.
  5726 | D:6      | Found a runed translucent gate.
  5726 | D:6      | Found a runed translucent gate.
  5732 | D:6      | Noticed p00ps00p's ghost (novice HOFi)
  5732 | D:6      | Noticed drewk1942's ghost (novice GrIE)
  5732 | D:6      | Noticed hikkokomori's ghost (novice DgEE)
  6161 | D:7      | Found a staircase to the Ecumenical Temple.
  6198 | D:7      | Reached skill level 4 in Ranged Weapons
  6657 | D:7      | Reached skill level 5 in Ranged Weapons
  6715 | D:7      | Reached skill level 5 in Spellcasting
  7004 | D:8      | Identified a scroll of acquirement
  7004 | D:8      | Acquired the ring "Qyunueb" {Str+6 Int+6}
  7223 | D:8      | Reached XP level 9. HP: 62/62 MP: 16/20
  7241 | D:8      | Found a flagged portal.
  7263 | Bailey   | Entered a bailey
  7304 | Bailey   | Reached skill level 6 in Ranged Weapons
  7619 | Bailey   | Reached skill level 1 in Fighting
  8110 | Bailey   | Acquired a book of the Warp
  8119 | Bailey   | Learned a level 6 spell: Dispersal
  8169 | Bailey   | Reached skill level 7 in Ranged Weapons
  8243 | Bailey   | Noticed a kobold demonologist
  8261 | Bailey   | Noticed a kobold demonologist
  8265 | Bailey   | Killed a kobold demonologist
  8425 | Bailey   | Killed a kobold demonologist
  8692 | D:8      | Identified the ring of Hefodd {Ice rN+ Str+3 Int+2}
  8979 | D:8      | Noticed an angel
  9108 | D:9      | Reached XP level 10. HP: 74/74 MP: 11/23
  9113 | D:9      | Reached skill level 8 in Ranged Weapons
  9747 | D:9      | Reached skill level 9 in Ranged Weapons
 10149 | D:10     | Entered Level 10 of the Dungeon
 10152 | D:10     | You fall into a shaft and drop 2 floors!
 10463 | D:10     | Identified the ring "Loheexet" {Ice Will- rCorr MP+9}
 10471 | D:10     | Found Zucisuk's Assorted Antiques.
 10476 | D:10     | Bought a fuming purple potion for 29 gold pieces
 10476 | D:10     | Bought 2 viscous sapphire potions for 59 gold pieces
 10605 | D:5      | Bought a fuming purple potion for 29 gold pieces
 10605 | D:5      | Bought a bubbling inky potion for 29 gold pieces
 10605 | D:5      | Bought a brown potion for 29 gold pieces
 10726 | D:10     | Found a staircase to the Orcish Mines.
 10805 | Orc:1    | Entered Level 1 of the Orcish Mines
 10817 | Orc:1    | Noticed an orc sorcerer
 10822 | Orc:1    | Killed an orc sorcerer
 10823 | Orc:1    | Reached XP level 11. HP: 43/85 MP: 7/25
 10824 | Orc:1    | Noticed an orc high priest
 10829 | Orc:1    | Paralysed by an orc sorcerer for 2 turns
 10849 | Orc:1    | Slain by an ice devil

Illustrated notes

Levels and vault maps discovered:
D:1:      dpeg_arrival_court, layout_loops_ring
D:2:      layout_basic, serial_corexii_hall, corexii_hall_statues_x,
          chequers_hall_statues_wall_a
D:3:      layout_rooms, gammafunk_ghost_split, serial_shops,
          nicolae_shop_statue_plus, nicolae_lakefront_shop,
          nicolae_concentric_dashed_squares_wild, minmay_tree_intersection
D:4:      layout_rooms, serial_shops, nicolae_take_the_stairs
D:5:      layout_rooms, mainiacjoe_overflow_tiny_flanked, serial_bayou,
          serial_bayou_lake_a, serial_bayou_pond_b, serial_bayou_crossing,
          serial_bayou_pond_b, nicolae_wooded_promenade, uniq_crazy_yiuf_cottage
D:6:      layout_loops_cross, mainiacjoe_overflow_concentric_impassable,
          gammafunk_ghost_cemetery, roderic_roman_lattice
D:7:      layout_gridville, kennysheep_mini_moat,
          nicolae_hepliaklqana_hazy_memory,
          grunt_temple_overflow_forces_of_nature, minmay_temple_entry_large_hall
D:8:      layout_cave_pools, zin_angel, enter_bailey_5
D:9:      minmay_inner_zag, layout_loops_ring, elyvilon_altar_3,
          grunt_temple_overflow_open
D:10:     layout_cave_pools, minmay_orc_entry_temple_small, serial_shops,
          nicolae_shop_trees, kennysheep_kite_vault
D:11:     layout_irregular_city, due_lair_maze_entry_diamond,
          nicolae_trove_entry_crossroad
D:12:     layout_loops_ring, special_room [special_room_bee]
Orc:1:    layout_diamond_mine, uniq_urug

Skill      XL: |  1  2  3  4  5  6  7  8  9 10 |
---------------+-------------------------------+-----
Translocations | 1 2 3 4 5 6 7 8 |  8.6
Spellcasting   | 2 3 4 5 6 7 |  7.2
Conjurations   | 4 5 |  5.1
Ranged Weapons | 1 3 5 7 9 |  9.5
Fighting       | 2 4 |  4.6
Dodging        | 2 |  2.2
Armour         | |  0.6
Stealth        | |  1.7

Action                   |  1- 3 |  4- 6 |  7- 9 | 10-12 || total
-------------------------+-------+-------+-------+-------++-------
Melee: Dagger            |       |     2 |     4 |       ||     6
 Fire: Arbalest          |       |       |   198 |    92 ||   290
 Cast: Magic Dart        |    74 |    63 |    15 |       ||   152
       Searing Ray       |     3 |    17 |     8 |       ||    28
       Iskenderun's Myst |       |     1 |    59 |    62 ||   122
  Use: Scroll            |     3 |     6 |     6 |     6 ||    21
       Potion            |       |     1 |     3 |     5 ||     9
Armor: Robe              |     1 |    14 |    27 |    14 ||    56
       Acid dragon scale |       |       |       |    10 ||    10
Dodge: Dodged            |     3 |    19 |    65 |    36 ||   123

Table legend: (Time is in decaauts)
 A = Elapsed time spent in this place.
 B = Non-inter-level travel time spent in this place.
 C = Inter-level travel time spent in this place.
 D = Time resting spent in this place.
 E = Time spent auto-exploring this place.
 F = Levels seen in this place.
 G = Mean time per level.
                   A        B        C        D        E       F      G
               +--------+--------+--------+--------+--------+-----+--------+
         Total |  11076 |  10360 |    716 |   1918 |   6681 |  14 |  791.1 |
       Dungeon |   9598 |   8882 |    716 |   1160 |   6410 |  12 |  799.8 |
  Orcish Mines |     51 |     51 |      0 |      0 |      0 |   1 |   51.0 |
        Bailey |   1425 |   1425 |      0 |    758 |    270 |   1 | 1425.0 |
               +--------+--------+--------+--------+--------+-----+--------+

Top non-repeatable levels by time:
  Bailey: 1425 daAuts
     D:5: 1310 daAuts
     D:2: 1116 daAuts
     D:9: 1027 daAuts
     D:7: 995 daAuts
     D:1: 994 daAuts
     D:6: 982 daAuts
     D:3: 973 daAuts
     D:4: 945 daAuts
     D:8: 778 daAuts
    D:10: 303 daAuts
    D:12: 162 daAuts
   Orc:1: 51 daAuts
    D:11: 6 daAuts
